 Dungeon Crawl Stone Soup version 0.29-a0-994-gc5c9f59d18 (webtiles) character file.

Game seed: 6592464197986128094

77 RevDB the Ruffian (level 4, 38/38 HPs)
             Began as a Draconian Transmuter on Aug 3, 2022.
             Quit the game on level 2 of the Dungeon.
             The game lasted 00:08:51 (1508 turns).

RevDB the Ruffian (Draconian Transmuter)            Turns: 1508, Time: 00:08:51

Health: 38/38      AC:  5    Str: 15    XL:     4   Next: 13%
Magic:  7/7        EV: 12    Int: 13    God:
Gold:   40         SH:  0    Dex: 17    Spells: 4/7 levels left

rFire   . . .      SeeInvis .     - Unarmed
rCold   . . .      Faith    .   (no shield)
rNeg    . . .      Spirit   .   (body armour unavailable)
rPois   .          Reflect  .   (helmet restricted)
rElec   .          Harm     .   (no cloak)
rCorr   .          Rampage  .   (no gloves)
Will    .....                   (no boots)
Stlth   ++........              (no amulet)
HPRegen 0.12/turn               f - +6 ring of dexterity
MPRegen 0.10/turn               (no ring)

@: no status effects
A: AC +5, unfitting armour, cold-blooded
a: no special abilities


You were on level 2 of the Dungeon.
You visited 1 branch of the dungeon, and saw 2 of its levels.

You collected 40 gold pieces.

Inventory:

Jewellery
 f - a +6 ring of dexterity (left hand)
Scrolls
 b - a scroll of noise {unknown}
 g - 3 scrolls of identify {unknown}
 h - 2 scrolls of blinking {unknown}
 i - a scroll of enchant weapon {unknown}
Potions
 c - a potion of ambrosia {unknown}
 d - a potion of heal wounds {unknown}
 e - a potion of brilliance {unknown}


   Skills:
 - Level 3.0 Fighting
 - Level 2.0 Dodging
 - Level 4.0 Unarmed Combat
 - Level 2.0 Spellcasting
 + Level 2.3 Transmutations


You had 4 spell levels left.
You knew the following spells:

 Your Spells              Type           Power      Damage    Failure   Level
a - Beastly Appendage     Tmut           14%        N/A       10%         1
b - Wereblood             Tmut           7%         N/A       16%         2

Your spell library contained the following spells:

 Spells                   Type           Power      Damage    Failure   Level
 Spider Form              Tmut/Pois      4%         N/A       43%         3
 Ice Form                 Ice/Tmut       4%         N/A       85%         4


Dungeon Overview and Level Annotations

Branches:
Dungeon (2/15)

Altars:


Innate Abilities, Weirdness & Mutations

Your plain brown scales are hard. (AC +5)
You cannot fit into any form of body armour.
You are cold-blooded and may be slowed by cold attacks.


Message History

The endoplasm freezes you.
You are frozen.
* * * LOW HITPOINT WARNING * * *
The gnoll barely misses you.
You climb upwards.
There is a stone staircase leading down here.
You hit the endoplasm.
You claw the endoplasm, but do no damage.
The endoplasm is lightly wounded.
Your transformation is almost over.
The endoplasm closely misses you. The gnoll barely misses you.
The endoplasm hits you but does no damage.
The gnoll hits you with a +0 whip.
* * * LOW HITPOINT WARNING * * *
Your horns disappear.
Your talons disappear.
You turn into a tree.
Your roots penetrate the ground.
The endoplasm hits you but does no damage.
The gnoll hits you but does no damage.
You smack the endoplasm!
You kill the endoplasm!
The gnoll hits you but does no damage. x2
You hit the gnoll.
The gnoll is severely wounded.
The gnoll hits you but does no damage.
You smack the gnoll!
You kill the gnoll!
You have reached level 4!
You feel stronger.
You start resting.
You feel yourself speed up.
You start resting.
Your transformation is almost over.
You feel less wooden.
You start resting.
HP restored.
You climb downwards.
There is a stone staircase leading up here.
Found 3 gold pieces.
Unknown command.
Are you sure you want to abandon this character and quit the game? (Confirm with "yes".)

....# ##...........# ..#
#.#
....###............###...#
..
..................<......#
###.
....####.........#.##....#
#.
.#.........####..#.###...#
#.. .##..#####.#####.#..##
... #.. ..#...#
#.#.........#.... ...
.......# #.#..............
....
#.##.....#......@.........
.# .##...#...............
.......$.........
........#.##.....
###.......# .....
#...#.... #.... ###..#..#.
.. #.. #. #.


There were no monsters in sight!

Vanquished Creatures
  An adder (D:2)
  4 gnolls
  A worm (D:2)
  A dart slug (D:2)
  3 orcs (D:2)
  A ball python (D:1)
  2 endoplasms
  4 goblins
  3 hobgoblins
  2 kobolds (D:1)
22 creatures vanquished.

Notes
Turn   | Place    | Note
-------+----------+-------------------------------------------
     0 | D:1      | RevDB the Draconian Transmuter began the quest for the Orb.
     0 | D:1      | Reached XP level 1. HP: 16/16 MP: 3/3
   388 | D:1      | Found a faded altar of an unknown god.
   457 | D:1      | Reached XP level 2. HP: 25/25 MP: 3/5
   462 | D:1      | Learned a level 2 spell: Wereblood
   898 | D:2      | Reached XP level 3. HP: 22/31 MP: 4/6
   986 | D:2      | Reached skill level 4 in Unarmed Combat
  1200 | D:1      | HP: 1/31 [gnoll/+0 whip (6)]
  1205 | D:1      | Reached XP level 4. HP: 3/38 MP: 7/7
  1508 | D:2      | Quit the game

Illustrated notes

Levels and vault maps discovered:
D:1:      erik_arrival_blinker_ship, layout_basic,
          shapermc_ecumenical_altar_mp_vishouse
D:2:      layout_rooms, uniq_natasha

Skill      XL: |  1  2  3 |
---------------+----------+-----
Fighting       | 2 3 |  3.0
Unarmed Combat | 4 |  4.0
Dodging        | 2 |  2.0
Spellcasting   | |  2.0
Transmutations | |  2.3

Action                   |  1- 3 |  4- 6 || total
-------------------------+-------+-------++-------
Melee: Unarmed           |    64 |       ||    64
       Headbutt          |    13 |       ||    13
       Kick              |    15 |       ||    15
       Tailslap          |     7 |       ||     7
       Punch             |     2 |       ||     2
 Cast: Beastly Appendage |    11 |       ||    11
  Use: Potion            |     1 |       ||     1
Armor: Skin              |    19 |       ||    19
Dodge: Dodged            |    38 |       ||    38

Table legend: (Time is in decaauts)
 A = Elapsed time spent in this place.
 B = Non-inter-level travel time spent in this place.
 C = Inter-level travel time spent in this place.
 D = Time resting spent in this place.
 E = Time spent auto-exploring this place.
 F = Levels seen in this place.
 G = Mean time per level.
                   A        B        C        D        E       F      G
               +--------+--------+--------+--------+--------+-----+--------+
         Total |   1511 |   1458 |     53 |    641 |    277 |   2 |  755.5 |
       Dungeon |   1511 |   1458 |     53 |    641 |    277 |   2 |  755.5 |
               +--------+--------+--------+--------+--------+-----+--------+

Top non-repeatable levels by time:
     D:1: 1156 daAuts
     D:2: 354 daAuts
